 Dungeon Crawl Stone Soup version 0.18.1-5-g4a78601 (webtiles) character file.

17421 Goblin1989 the Pandemonic (level 12, -4/106 HPs)
             Began as a Deep Dwarf Monk on May 13, 2016.
             Was a High Priest of Makhleb.
             Hit by a large rock thrown by a cyclops (36 damage)
             ... on level 14 of the Dungeon.
             The game lasted 00:57:04 (12557 turns).

Goblin1989 the Pandemonic (Deep Dwarf Monk)        Turns: 12557, Time: 00:57:05

Health: -4/106     AC: 20    Str: 19    XL:     12   Next: 18%
Magic:  24/24      EV:  6    Int: 12    God:    Makhleb [*****.]
Gold:   539        SH:  9    Dex: 15    Spells: 1 memorised, 5 levels left

rFire  . . .     SeeInvis +     a - +8 hand axe "Wissog" {drain, rPois SInv Stlth+}
rCold  . . .     Gourm    .     S - +1 storm dragon armour of the Trees {*Drain +Blink rElec rPois SInv, rElec}
rNeg   . . .     Faith    .     D - +0 shield
rPois  +         Spirit   .     B - +2 helmet
rElec  +         Dismiss  .     r - +0 cloak
rCorr  .         Reflect  .     (no gloves)
SustAt +         Harm     .     F - +0 pair of boots
MR     +....                    (no amulet)
Stlth  ..........               W - +2 ring of protection
                                C - ring of sustain attributes

@: non-regenerating, somewhat resistant to hostile enchantments, extremely
unstealthy
A: damage resistance, recharge devices, sense surroundings 2, slow regeneration
3
a: Device Recharging, Minor Destruction, Lesser Servant of Makhleb, Major
Destruction, Greater Servant of Makhleb, Renounce Religion, Evoke Blink


You were on level 14 of the Dungeon.
You worshipped Makhleb.
Makhleb was extremely pleased with you.
You were not hungry.

You visited 1 branch of the dungeon, and saw 14 of its levels.
You also visited: Sewer.

You collected 915 gold pieces.
You spent 376 gold pieces at shops.

Inventory:

Hand Weapons
 a - the +8 hand axe "Wissog" (weapon) {drain, rPois SInv Stlth+}
   (You found it on level 12 of the Dungeon)

   A truly terrible weapon, it drains the life of those it strikes.
   It protects you from poison.
   It lets you see invisible.
   It makes you more stealthy.
 b - a +0 blowgun
 w - a +0 war axe of flaming
Missiles
 E - 63 poisoned needles
Armour
 r - a +0 cloak (worn)
 B - a +2 helmet (worn)
 D - a +0 shield (worn)
 F - a +0 pair of boots (worn)
 G - a +1 chain mail of fire resistance
 L - the +0 cloak of the Dropbear {*Confuse +Blink Int+4}
   (You found it on level 8 of the Dungeon)

   It affects your intelligence (+4).
   It lets you blink.
   It may confuse you when you take damage.
 S - the +1 storm dragon armour of the Trees (worn) {*Drain +Blink rElec rPois SInv, rElec}
   (You found it on level 10 of the Dungeon)

   It insulates you from electricity.
   It protects you from poison.
   It lets you see invisible.
   It lets you blink.
   It causes draining when unequipped.
Jewellery
 C - a ring of sustain attributes (left hand)
 W - a +2 ring of protection (right hand)
 Y - an uncursed ring of fire {rF+, rC-}
Wands
 q - a wand of heal wounds (5/9)
 O - a wand of slowing (3/48)
 X - a wand of flame (17/48)
 Z - a wand of enslavement (12/24)
Scrolls
 d - 3 scrolls of immolation {!r}
 f - a scroll of enchant weapon {unknown}
 k - 2 scrolls of blinking {!r}
 m - a scroll of fear
 n - a scroll of amnesia
 p - 3 scrolls of fog {unknown}
 u - 2 scrolls of remove curse
 v - 9 scrolls of teleportation
 A - a scroll of noise {!r}
 H - a scroll of recharging
 I - 2 scrolls of enchant armour {unknown}
 K - 2 scrolls of magic mapping {!r}
 M - 2 scrolls of brand weapon
Potions
 e - 2 potions of brilliance
 l - 11 potions of curing
 o - a potion of heal wounds
 s - 4 potions of lignification {!q}
 x - a potion of resistance
 z - a potion of berserk rage {!q}
 J - 4 potions of might
 R - a potion of invisibility
 V - a potion of haste
Books
 t - a book of Transfigurations

   Spells                             Type                      Level
   a - Irradiate                      Conjuration/Transmutation    5
   b - Statue Form                    Transmutation/Earth          6
   c - Hydra Form                     Transmutation                6
   d - Dragon Form                    Transmutation                7
Miscellaneous
 P - a box of beasts {used: 1}
Comestibles
 c - 12 bread rations
 g - 7 meat rations
 i - a slice of pizza
 j - 9 fruits
 N - 7 beef jerkies
 Q - a royal jelly


   Skills:
 - Level 6.6 Fighting
 * Level 10.4(10.5) Axes
   Level 1.1(6.1) Maces & Flails
 - Level 3.7 Armour
 - Level 3.2 Dodging
 - Level 2.4 Stealth
 - Level 3.2 Shields
 - Level 3.6 Unarmed Combat
 - Level 17.6 Invocations
 + Level 6.9 Evocations


You had 5 spell levels left.
You knew the following spells:

 Your Spells              Type           Power        Failure   Level  Hunger
a - Statue Form           Trmt/Erth      #........    100%        6    #######


Dungeon Overview and Level Annotations

Branches:
Dungeon (14/15)            Temple (0/1) D:4            Lair (0/8) D:8
    Orc (0/2) D:10         Vaults (0/5) D:13

Altars:
Cheibriados
Dithmenos
Elyvilon
Fedhas
Kikubaaqudgha
Makhleb
Nemelex Xobeh
Okawaru
Pakellas
Qazlal
Ru
Sif Muna
Yredelemnul
Zin
The Shining One

Shops:
D:4 *   D:7 (   D:8 :   D:10 ([   D:14 *

Portals:
Trove: D:12 (give 4 potions of resistance)

Annotations:
D:4 exclusion: door
D:7 1 runed door
D:9 exclusion: oklob plant


Innate Abilities, Weirdness & Mutations

You are resistant to damage.
You can recharge devices by infusing magical energy.
You passively map the area around you.
You do not regenerate naturally.


Message History

Your ufetubus hits the centaur skeleton. x2
Your ufetubus hits the worker ant.
The worker ant dies!
Makhleb accepts your kill.
Your ufetubus hits the cyclops but does no damage. x2
The centaur skeleton hits your ynoxinul but does no damage.
Your ynoxinul hits the centaur skeleton.
The cyclops throws a large rock.
The large rock hits your ufetubus!
Your ufetubus dies!
Your ufetubus hits the centaur skeleton. x4
The centaur skeleton hits your ynoxinul.
Your ynoxinul hits the centaur skeleton.
Your ufetubus hits the centaur skeleton. x4
The centaur skeleton hits your ufetubus.
Your ufetubus completely misses the centaur skeleton.
Your ufetubus hits the centaur skeleton. x3
The cyclops throws a large rock.
The large rock closely misses your ynoxinul.
The large rock hits you!!!
You die...

##############################
,
..C.∩....(C...................
,...........(5.................
,........a....Z5....#########..
....#########3####.# #.. ...,
#@# #.# #.. .. * #5# #.# #.. .
, ,..# #.# #.. ,, , ...#
##.#########.. , ,* #....
.............. * #....
.........###.. * * , * #..##
#######..# #.. ,, , ,... #..#
#.. , , , , ########..###..


You could see a cyclops, a centaur skeleton, a friendly ynoxinul and 3 friendly
ufetubi.

Vanquished Creatures
  3 centaur warriors
  The ghost of no0bjke the Protected, a journeyman GrBe of Trog (D:10)
  A hill giant (D:14)
  2 cyclopes
  A manticore (D:13)
  A gargoyle (D:11)
  3 trolls
  Grinder (D:4)
  3 two-headed ogres
  A wyvern (D:10)
  A vampire (D:11)
  The ghost of barb4r1an the Bolt Thrower, an amateur CeHu (Sewer)
  3 hippogriffs
  2 humans (D:8)
  A steam dragon (D:11)
  A water moccasin (D:11)
  Duvessa (D:7)
  2 orc warriors
  4 ice beasts
  2 phantoms
  An ogre (D:8)
  16 centaurs
  A crocodile (D:8)
  A big kobold (D:12)
  8 giant frogs
  5 scorpions
  4 killer bees
  A water moccasin skeleton (D:10)
  An electric eel (D:8)
  4 wights (D:13)
  6 howler monkeys
  2 crimson imps
  2 centaur zombies
  2 giant frog zombies
  7 jellies
  6 hounds
  8 orc priests
  11 orc wizards
  4 centaur skeletons
  2 iguanas
  10 worker ants
  3 sheep (D:12)
  A hound skeleton (D:4)
  Robin (D:3)
  3 gnolls
  12 adders
  4 shadow imps
  6 oozes
  3 adder skeletons
  5 worms
  2 dart slugs
  5 giant geckos
  39 orcs
  17 bats
  12 giant cockroaches
  9 goblins
  16 hobgoblins
  20 jackals
  7 quokkas
  3 ball pythons
  2 giant gecko skeletons
  6 giant newts
  A giant newt (shapeshifter) (D:13)
  10 kobolds
  A kobold skeleton (D:7)
  13 rats
338 creatures vanquished.

Vanquished Creatures (collateral kills)
  Erolcha (D:9)
  Urug (D:14)
  3 hill giants
  A griffon (D:12)
  4 ugly things
  3 cyclopes
  3 orc warriors
  A black bear (D:12)
  A wasp (D:12)
  3 centaurs
  An eye of draining (D:13)
  2 ogres
  A phantom (D:4)
  A crocodile (D:12)
  A big kobold (D:7)
  4 giant frogs
  Dowan (D:7)
  4 killer bees (D:7)
  A scorpion (D:12)
  A howler monkey (D:7)
  A hound (D:11)
  An orc priest (D:13)
  3 orc wizards
  7 worker ants
  A shadow imp (D:13)
  2 giant geckos
  4 orcs (D:7)
  5 jackals (D:7)
  A kobold (D:7)
  A quokka (D:7)
  A jackal zombie (D:7)
65 creatures vanquished.

Vanquished Creatures (others)
  2 fungi (D:9)
2 creatures vanquished.

Grand Total: 405 creatures vanquished

Notes
Turn   | Place    | Note
--------------------------------------------------------------
     0 | D:1      | Goblin1989 the Deep Dwarf Monk began the quest for the Orb.
     0 | D:1      | Reached XP level 1. HP: 20/20 MP: 1/1
   227 | D:1      | Reached XP level 2. HP: 11/28 MP: 2/2
   834 | D:2      | Reached XP level 3. HP: 32/36 MP: 3/3
   857 | D:2      | Found a snail-covered altar of Cheibriados.
   857 | D:2      | Found a burning altar of Makhleb.
   861 | D:2      | Became a worshipper of Makhleb the Destroyer
   861 | D:2      | Reached * piety under Makhleb
   861 | D:2      | Reached ** piety under Makhleb
  1006 | D:2      | Reached skill level 1 in Evocations
  1291 | D:2      | Found an ancient bone altar of Kikubaaqudgha.
  1407 | D:2      | Reached XP level 4. HP: 28/44 MP: 5/5
  1538 | D:2      | Reached *** piety under Makhleb
  2451 | D:3      | Noticed Robin
  2477 | D:3      | Killed Robin
  2477 | D:3      | Reached XP level 5. HP: 51/51 MP: 7/7
  2489 | D:3      | Reached **** piety under Makhleb
  2673 | D:4      | Noticed Grinder
  2674 | D:4      | Noticed a phantom
  2675 | D:4      | Found a staircase to the Ecumenical Temple.
  2824 | D:4      | Found a glowing drain.
  2850 | Sewer    | Entered a sewer
  2901 | Sewer    | Noticed barb4r1an's ghost (amateur CeHu)
  2922 | Sewer    | Killed barb4r1an's ghost
  2922 | Sewer    | Reached skill level 5 in Fighting
  2922 | Sewer    | Reached skill level 5 in Evocations
  2922 | Sewer    | Reached XP level 6. HP: 61/61 MP: 9/9
  3420 | Sewer    | Reached skill level 1 in Invocations
  3532 | Sewer    | Reached ***** piety under Makhleb
  3771 | D:4      | Reached skill level 2 in Invocations
  3808 | D:4      | Reached XP level 7. HP: 68/68 MP: 10/10
  3819 | D:4      | Noticed a smoke demon
  3895 | D:4      | Reached skill level 3 in Invocations
  3981 | D:4      | Killed Grinder
  3981 | D:4      | Reached skill level 4 in Invocations
  4088 | D:4      | Reached skill level 5 in Invocations
  4434 | D:4      | Found a deep blue altar of Sif Muna.
  4489 | D:4      | Reached skill level 1 in Maces & Flails
  4538 | D:4      | Got a bone hand axe
  4539 | D:4      | Identified the +5 hand axe of Equilibrium {drain, +Inv Str+2 Dex+3 SInv} (You found it on level 4 of the Dungeon)
  4541 | D:4      | Found Pibruwi's General Store.
  4549 | D:4      | Bought a +1 chain mail of fire resistance for 198 gold pieces
  4556 | D:4      | Found a stormy altar of Qazlal.
  4708 | D:4      | Reached skill level 1 in Armour
  4725 | D:4      | Reached skill level 1 in Axes
  4725 | D:4      | Reached XP level 8. HP: 41/78 MP: 11/11
  4753 | D:5      | Entered Level 5 of the Dungeon
  4754 | D:5      | Found a shadowy altar of Dithmenos.
  5626 | D:6      | Reached skill level 1 in Shields
  5771 | D:6      | Found a sparkling altar of Nemelex Xobeh.
  6184 | D:7      | Found a sacrificial altar of Ru.
  6288 | D:7      | Reached skill level 5 in Axes
  6344 | D:7      | Found a runed door.
  6348 | D:7      | Found a basalt altar of Yredelemnul.
  6406 | D:7      | Noticed Duvessa
  6409 | D:7      | Noticed Dowan
  6414 | D:7      | Killed Duvessa
  6414 | D:7      | Gained mutation: You passively map the area around you. [Deep Dwarf growth]
  6414 | D:7      | Reached XP level 9. HP: 80/85 MP: 13/13
  6415 | D:7      | Killed Dowan
  6480 | D:7      | Reached skill level 6 in Invocations
  6722 | D:7      | Found Watech's Antique Weapon Emporium.
  6725 | D:7      | Bought an ancient flail for 178 gold pieces
  6725 | D:7      | Identified the cursed +2 flail of Puosuoff {drain, rElec rC+ Int+4} (You bought it in a shop on level 7 of the Dungeon)
  6772 | D:8      | Found a staircase to the Lair.
  6877 | D:8      | Found an iron altar of Okawaru.
  6971 | D:8      | Reached ****** piety under Makhleb
  7028 | D:8      | Got a transparent cloak
  7039 | D:8      | Identified the cursed +0 cloak of the Dropbear {*Confuse +Blink Int+4} (You found it on level 8 of the Dungeon)
  7071 | D:8      | Reached skill level 7 in Invocations
  7223 | D:8      | Found a white marble altar of Elyvilon.
  7264 | D:8      | Found Onouhaq's Book Boutique.
  7428 | D:8      | Got a bloodstained robe
  7439 | D:8      | Identified the cursed +0 robe of Coiczu {rCorr} (You found it on level 8 of the Dungeon)
  7531 | D:8      | Found a glowing golden altar of the Shining One.
  7532 | D:8      | Found a glowing silver altar of Zin.
  7659 | D:8      | Reached skill level 8 in Invocations
  7707 | D:9      | Found an oddly glowing altar of Pakellas.
  7778 | D:9      | Noticed a troll
  7789 | D:9      | Killed a troll
  7789 | D:9      | Reached skill level 9 in Invocations
  7805 | D:9      | Found a blossoming altar of Fedhas.
  7828 | D:9      | Noticed an oklob plant
  7970 | D:9      | Reached XP level 10. HP: 88/92 MP: 17/17
  8076 | D:9      | Noticed Erolcha
  8085 | D:9      | Killed Erolcha
  8085 | D:9      | Reached skill level 10 in Invocations
  8636 | D:10     | Entered Level 10 of the Dungeon
  8678 | D:10     | Got a polished storm dragon armour {rElec}
  8689 | D:10     | Identified the +1 storm dragon armour of the Trees {*Drain +Blink rElec rPois SInv, rElec} (You found it on level 10 of the Dungeon)
  8781 | D:10     | Reached skill level 11 in Invocations
  8902 | D:10     | Noticed no0bjke's ghost (journeyman GrBe)
  8977 | D:10     | Killed no0bjke's ghost
  9058 | D:10     | Found a staircase to the Orcish Mines.
  9060 | D:10     | Found Wueniv's Weapon Shoppe.
  9074 | D:10     | Reached skill level 12 in Invocations
  9291 | D:10     | Found Rewec's Antique Armour Boutique.
  9679 | D:11     | Reached skill level 13 in Invocations
  9731 | D:11     | Noticed a gargoyle
  9748 | D:11     | Killed a gargoyle
 10200 | D:11     | Reached skill level 14 in Invocations
 10377 | D:12     | Noticed a cyclops
 10382 | D:12     | Killed a cyclops
 10522 | D:12     | Reached XP level 11. HP: 83/99 MP: 21/21
 10881 | D:12     | Found a portal to a secret trove of treasure.
 11022 | D:12     | Noticed a hill giant
 11027 | D:12     | Killed a hill giant
 11055 | D:12     | Noticed a red ugly thing
 11058 | D:12     | Noticed a griffon
 11063 | D:12     | Reached skill level 15 in Invocations
 11123 | D:12     | Killed a griffon
 11131 | D:12     | Killed a red ugly thing
 11254 | D:12     | Got a warped hand axe
 11256 | D:12     | Identified the +8 hand axe "Wissog" {drain, rPois SInv Stlth+} (You found it on level 12 of the Dungeon)
 11459 | D:13     | Noticed a red ugly thing
 11471 | D:13     | Killed a red ugly thing
 11495 | D:13     | Noticed a green ugly thing
 11505 | D:13     | Killed a green ugly thing
 11588 | D:13     | Noticed a hill giant
 11590 | D:13     | Killed a hill giant
 11590 | D:13     | Reached skill level 16 in Invocations
 11654 | D:13     | Learned a level 6 spell: Statue Form
 11762 | D:13     | Noticed a white ugly thing
 11769 | D:13     | Killed a white ugly thing
 11889 | D:13     | Found a gate to the Vaults.
 11977 | D:13     | Reached skill level 17 in Invocations
 12031 | D:13     | Noticed a centaur warrior
 12044 | D:13     | Killed a centaur warrior
 12201 | D:14     | Noticed a centaur warrior
 12201 | D:14     | Noticed a hill giant
 12207 | D:14     | Killed a centaur warrior
 12213 | D:14     | Killed a hill giant
 12245 | D:14     | Got an iridescent scimitar
 12246 | D:14     | Identified the +6 scimitar "Gosmipp" {flame, Str+4 Int+2 Dex-4 SInv} (You found it on level 14 of the Dungeon)
 12330 | D:14     | Reached XP level 12. HP: 74/106 MP: 24/24
 12341 | D:14     | Noticed a centaur warrior
 12357 | D:14     | Killed a centaur warrior
 12357 | D:14     | Reached skill level 10 in Axes
 12396 | D:14     | Noticed Urug
 12402 | D:14     | Killed Urug
 12534 | D:14     | Found Ramam's Assorted Antiques.
 12557 | D:14     | Hit by a large rock thrown by a cyclops

Skill      XL: |  1  2  3  4  5  6  7  8  9 10 11 12 |
---------------+-------------------------------------+-----
Fighting       | 3 4 5 6 |  6.6
Evocations     | 1 3 5 6 |  6.9
Invocations    | 2 5 9 14 17 | 17.6
Maces & Flails | 1 |  1.1
Armour         | 1 3 |  3.7
Axes           | 1 5 8 9 10 | 10.4
Shields        | 3 |  3.2
Dodging        | |  3.2
Stealth        | |  2.4
Unarmed Combat | |  3.6

Action                   |  1- 3 |  4- 6 |  7- 9 | 10-12 || total
-------------------------+-------+-------+-------+-------++-------
Melee: Unarmed           |   233 |   438 |    76 |       ||   747
       Punch             |     3 |     3 |     1 |       ||     7
       Whip              |       |       |    32 |       ||    32
       Hand axe          |       |       |   321 |   580 ||   901
       Flail             |       |       |     4 |       ||     4
 Fire: Blowgun           |       |    22 |    11 |       ||    33
Invok: Lesser Servant of |       |       |     9 |    13 ||    22
       Greater Servant o |       |       |       |     5 ||     5
Evoke: Wand              |     1 |     4 |       |    17 ||    22
       Box of beasts     |       |       |       |     1 ||     1
  Use: Potion            |       |     8 |     1 |       ||     9
       Scroll            |       |     1 |    14 |    10 ||    25
 Stab: Sleeping          |     5 |     2 |     1 |       ||     8
       Distracted        |     1 |     1 |     1 |    10 ||    13
  Eat: Chunk             |     2 |     4 |    11 |    15 ||    32
       Royal jelly       |       |     1 |       |       ||     1
       Pizza             |       |     1 |       |       ||     1
       Meat ration       |       |       |     1 |       ||     1
       Fruit             |       |       |       |     3 ||     3
Armor: Leather armour    |     2 |       |       |       ||     2
       Ring mail         |    55 |   244 |    52 |       ||   351
       Skin              |       |     4 |     3 |       ||     7
       Chain mail        |       |       |   173 |    22 ||   195
       Storm dragon armo |       |       |       |   251 ||   251
Dodge: Dodged            |   118 |   365 |   176 |   118 ||   777
Block: Shield            |       |       |   176 |   279 ||   455
